 Dungeon Crawl Stone Soup version 0.22-a0-533-g4d20840 (webtiles) character file.

81 stealthycow the Cudgeler (level 4, -13/29 HPs)
             Began as a Gargoyle Berserker on June 22, 2018.
             Was a Follower of Trog.
             Mangled by a gnoll
             ... wielding a +0 halberd
              (15 damage)
             ... on level 2 of the Dungeon.
             The game lasted 00:01:57 (1482 turns).

stealthycow the Cudgeler (Gargoyle Berserker)       Turns: 1482, Time: 00:01:57

Health: -13/29     AC:  6    Str: 22    XL:     4   Next: 40%
Magic:  4/4        EV: 12    Int:  7    God:    Trog [*.....]
Gold:   64         SH:  0    Dex:  9    Spells: 3/3 levels left

rFire    . . .     SeeInvis .   a - +0 mace
rCold    . . .     Gourm    .   (no shield)
rNeg     + . .     Faith    .   e - +0 leather armour
rPois    ∞         Spirit   .   (no helmet)
rElec    +         Reflect  .   (no cloak)
rCorr    .         Harm     .   (no gloves)
MR       ++...                  (no boots)
Stlth    +.........             (no amulet)
HPRegen  1.09/turn              (no ring)
MPRegen  0.09/turn              (no ring)

@: berserk cooldown, regenerating, slowed, very slow
A: negative energy resistance 1, electricity resistance, unbreathing,
petrification resistance, rot immunity, AC +3
a: Berserk, Renounce Religion


You were on level 2 of the Dungeon.
You worshipped Trog.
Trog was aware of your devotion.
You were very hungry.

You visited 1 branch of the dungeon, and saw 2 of its levels.

You collected 64 gold pieces.

Inventory:

Hand Weapons
 a - a +0 mace (weapon)
Armour
 e - a +0 leather armour (worn)
Jewellery
 j - an uncursed ring of flight {unknown}
Scrolls
 d - a scroll of fog {unknown}
 g - 2 scrolls of teleportation {unknown}
 i - 2 scrolls of identify {unknown}
Potions
 b - a potion of berserk rage {unknown}
 h - a potion of degeneration {unknown}
Comestibles
 c - 2 rations
 f - 2 chunks of flesh


   Skills:
 + Level 3.9 Fighting
 * Level 3.9 Maces & Flails
 + Level 2.9 Armour
 + Level 2.1 Dodging


You had 3 spell levels left.
You didn't know any spells.
Your spell library was empty.

Dungeon Overview and Level Annotations

Branches:
Dungeon (2/15)

Altars:


Innate Abilities, Weirdness & Mutations

You are resistant to torment.
Your stone body is resilient. (AC +3)
You are immune to poison.
You resist negative energy. (rN+)
You are resistant to electric shocks. (rElec)
You can survive without breathing.
You are immune to petrification.
You are immune to rotting.


Message History

You sock the quokka!
You kill the quokka!
Trog accepts your kill.
You are no longer berserk.
You are exhausted.
You feel yourself slow down. The gnoll misses you.
The giant cockroach bites you but does no damage.
The gnoll barely misses you. The gnoll hits you with a whip.
* * * LOW HITPOINT WARNING * * *
Your skin crawls.
You feel resistant to hostile enchantments.
You are feeling very hungry.
You can no longer call upon Trog for regeneration and magic resistance.
The gnoll hits you from afar with a halberd.
* * * LOW HITPOINT WARNING * * *
The gnoll barely misses you. The giant cockroach misses you.
The gnoll hits you from afar with a halberd!
Ouch! That really hurt!
You die...

.. .........# ..
.........# . #
.........# .. #
.........## ...
..........#####....
#...........s......
#........##.......
.# ##..sggs# #.
##...@#### .
####...#.# #
#)....##..#
#########.###.###.#
..)..##...# #.# .#
####[#..### #.# ..
# #...######.# ...
####........... ...
)..#<#######...


You could see 2 gnolls and 2 giant cockroaches.

Vanquished Creatures
  2 gnolls (D:2)
  An adder (D:2)
  2 worms (D:2)
  2 dart slugs (D:2)
  3 leopard geckos
  2 bats (D:1)
  3 giant cockroaches
  5 hobgoblins
  6 jackals (D:1)
  A quokka (D:2)
  A ball python (D:1)
  A frilled lizard (D:1)
  3 goblins
  4 kobolds
  A rat (D:1)
37 creatures vanquished.

Notes
Turn   | Place    | Note
-------+----------+-------------------------------------------
     0 | D:1      | stealthycow the Gargoyle Berserker began the quest for the Orb.
     0 | D:1      | Reached XP level 1. HP: 14/14 MP: 1/1
   196 | D:1      | Reached XP level 2. HP: 19/19 MP: 2/2
   780 | D:1      | Reached XP level 3. HP: 17/23 MP: 3/3
  1031 | D:2      | Reached ** piety under Trog
  1462 | D:2      | Reached XP level 4. HP: 29/29 MP: 4/4
  1481 | D:2      | HP: 1/29 [gnoll/halberd (4)]
  1482 | D:2      | Mangled by a gnoll

Vault maps used:
D:1:      eino_arrival_water_cross

Skill      XL: |  1  2  3 |
---------------+----------+-----
Dodging        | 2 |  2.1
Fighting       | |  3.9
Maces & Flails | |  3.9
Armour         | |  2.9

Action                   |  1- 3 |  4- 6 || total
-------------------------+-------+-------++-------
Melee: Mace              |   111 |    16 ||   127
Invok: Berserk           |     1 |       ||     1
       Trog's Hand       |       |     1 ||     1
  Eat: Chunk             |     2 |       ||     2
Armor: Leather armour    |    47 |     8 ||    55
       Animal skin       |     2 |       ||     2
Dodge: Dodged            |    93 |    31 ||   124

Table legend:
 A = Spawn XP
 B = Non-spawn XP
 C = Spawn XP percentage of total XP
 D = Spawn monster count
 E = Non-spawn monster count
 F = Spawn count percentage of total count
 G = Total turns spent on level
                    A         B        C        D         E        F      G
               +---------+---------+-------+---------+---------+-------+---------
         Total |       0 |     116 |   0.0 |       0 |      37 |   0.0 |  1482
               +---------+---------+-------+---------+---------+-------+---------
           D:1 |       0 |      39 |   0.0 |       0 |      21 |   0.0 |   980
           D:2 |       0 |      77 |   0.0 |       0 |      16 |   0.0 |   502
               +---------+---------+-------+---------+---------+-------+---------
